 Dungeon Crawl Stone Soup version 0.31-a0-1376-g36f0627844 (webtiles) character file.

Game seed: 9896135705057710082

1773 Glaciallarry the Skirmisher (level 9, 0/68 HPs)
             Began as a Barachi Hunter on Dec 24, 2023.
             Was a Priest of Dithmenos.
             Slain by Pikel
             ... wielding a +1 whip of flaming
              (2 damage)
             ... on level 6 of the Dungeon.
             The game lasted 00:15:09 (5716 turns).

Glaciallarry the Skirmisher (Barachi Hunter)        Turns: 5716, Time: 00:15:10

Health: 0/68       AC:  7    Str: 12    XL:     9   Next: 7%
Magic:  9/9        EV: 14    Int: 10    God:    Dithmenos [***...]
Gold:   168        SH:  0    Dex: 20    Spells: 8/8 levels left

rFire   . . .        a - +0 shortbow
rCold   . . .        (shield currently unavailable)
rNeg    . . .        c - +0 leather armour
rPois   .            r - +0 helmet
rElec   .            H - +0 cloak {rCorr}
rCorr   +            e - +1 pair of gloves
SInv    .            (no boots)
Will    +....        v - amulet of the acrobat
Stlth   ++++         D - ring of willpower
HPRegen 0.31/turn    (no ring)
MPRegen 0.11/turn

%: acrobat
@: unable to hop, wreathed by umbra, slow
A: amphibious, slowness 1, strong legs 1, +LOS
a: Hop, Renounce Religion, Shadow Step


You were on level 6 of the Dungeon.
You worshipped Dithmenos.
Dithmenos was most pleased with you.
You visited 1 branch of the dungeon, and saw 6 of its levels.

You collected 168 gold pieces.

Inventory:

Hand Weapons
 a - a +0 shortbow (weapon)
 i - a +0 dagger
 p - a +2 short sword of speed
 y - a +0 dagger of venom
Missiles
 u - 5 poisoned darts
Armour
 c - a +0 leather armour (worn)
 e - a +1 pair of gloves (worn)
 f - a +0 ring mail
 r - a +0 helmet (worn)
 H - a +0 cloak of preservation (worn)
Jewellery
 h - a ring of wizardry
 v - an amulet of the acrobat (around neck)
 D - a ring of willpower (left hand)
Wands
 A - a wand of charming (11)
Scrolls
 b - a scroll of butterflies
 g - 2 scrolls of fog {unknown}
 k - 2 scrolls of teleportation {unknown}
 l - a scroll of amnesia {unknown}
 m - 2 scrolls of identify {unknown}
 q - 2 scrolls of enchant armour {unknown}
 t - a scroll of vulnerability {unknown}
 x - a scroll of brand weapon {unknown}
 z - a scroll of blinking {unknown}
 B - a scroll of fear {unknown}
 G - a scroll of enchant weapon {unknown}
Potions
 d - 3 potions of curing {unknown}
 j - a potion of berserk rage {unknown}
 n - a potion of resistance {unknown}
 o - 2 potions of degeneration {unknown}
 s - a potion of ambrosia {unknown}
 w - a potion of might {unknown}
 C - a potion of lignification {unknown}
 E - a potion of enlightenment {unknown}
 F - a potion of brilliance {unknown}


   Skills:
 + Level 5.0 Fighting
 - Level 10.0 Ranged Weapons
 - Level 5.0 Dodging
 - Level 4.0 Stealth


You had 8 spell levels left.
You didn't know any spells.
Your spell library contained the following spells:

 Spells                   Type           Power      Damage    Failure   Level
 Magic Dart               Conj           0%         1d3       43%         1
 Blink                    Tloc           0%         N/A       58%         2
 Call Imp                 Summ           0%         N/A       58%         2
 Searing Ray              Conj           0%         2d4       58%         2
 Call Canine Familiar     Summ           0%         N/A       82%         3
 Sigil of Binding         Hex            0%         N/A       82%         3
 Dimensional Bullseye     Hex/Tloc       0%         N/A       99%         4
 Fulminant Prism          Conj/Alch      0%         3d5       99%         4
 Ignite Poison            Fire/Alch      0%         N/A       99%         4
 Sticky Flame             Fire/Alch      0%         2d4       99%         4
 Ignition                 Fire           0%         3d3       100%        8


Dungeon Overview and Level Annotations

Branches:
Dungeon (6/15)             Temple (0/1) D:5

Altars:
Cheibriados
Dithmenos
Wu Jian

Annotations:
D:6 4 runed translucent doors, Pikel


Innate Abilities, Weirdness & Mutations

You are amphibious.
You cover ground slowly.
You can hop short distances.
You have an extended range of vision and can be seen from far away.


Message History

Aim: Pikel, wielding a +1 whip of flaming and wearing a +0 robe (severely wounded, umbra, 63% to hit)
You shoot an arrow.
The arrow hits Pikel but does no damage.
Pikel is severely wounded.
Pikel hits you but does no damage.
Hop to where?
Press: ? - help, Dir - move target, p - Pikel Boing!
Fire: a) +0 shortbow
Press: ? - help, Q - select action, (/) - cycle Shift-Dir - straight line, f - Pikel
Aim: Pikel, wielding a +1 whip of flaming and wearing a +0 robe (sparse dust, severely wounded, 63% to hit)
You shoot an arrow.
The arrow hits Pikel but does no damage.
Pikel is severely wounded.
Fire: a) +0 shortbow
Press: ? - help, Q - select action, (/) - cycle Shift-Dir - straight line, f - lemure
Aim: a lemure (sparse dust, moderately wounded, 63% to hit)
You shoot an arrow.
The arrow hits the lemure but does no damage.
The lemure is moderately wounded.
Fire: a) +0 shortbow
Press: ? - help, Q - select action, (/) - cycle Shift-Dir - straight line, f/p - lemure
Aim: a lemure (moderately wounded, 63% to hit)
You shoot an arrow.
The arrow hits Pikel but does no damage.
Pikel is severely wounded.
Fire: a) +0 shortbow
Press: ? - help, Q - select action, (/) - cycle Shift-Dir - straight line, f - Pikel
Aim: Pikel, wielding a +1 whip of flaming and wearing a +0 robe (severely wounded, umbra, 63% to hit)
You shoot an arrow. The arrow hits Pikel!
Pikel is almost dead.
Fire: a) +0 shortbow
Press: ? - help, Q - select action, (/) - cycle Shift-Dir - straight line, f/p - Pikel
Aim: Pikel, wielding a +1 whip of flaming and wearing a +0 robe (severely wounded, umbra, 63% to hit)
You shoot an arrow. The arrow closely misses Pikel.
Pikel hits you with a +1 whip of flaming!
* * * LOW HITPOINT WARNING * * *
Pikel burns you.
You die...
Pikel says, "See you in Hell!"

$.. .# ........PPPPP. #++# ..######
#....#P~P~P~P~
8..8##......###....PP~~~♣~~~
....8#................5.5.......'.........
#...5####.s#.#.#.....##........
.$..5.5.5......#.....##...#...#
....#####.##.....######...#...#
#.####.......##...#...# ..#
...#.##..##...#...#
..'....#.##..##...#....


You could see Pikel and a lemure.

Vanquished Creatures
  Prince Ribbit (D:5)
  2 black bears (D:5)
  2 ogres
  A lemure (D:6)
  Blork the orc (D:4)
  A bullfrog (D:5)
  A gnoll sergeant (D:5)
  4 scorpions
  4 hounds
  2 jellies
  2 bombardier beetles
  Crazy Yiuf (D:5)
  A gnoll bouda (D:5)
  4 iguanas
  2 orc wizards (D:4)
  Natasha (thrice) (D:2)
  7 gnolls
  7 adders
  2 river rats (D:4)
  An ufetubus (D:5)
  3 worms (D:4)
  3 dart slugs
  13 orcs
  6 ball pythons
  9 endoplasms
  8 giant cockroaches
  6 hobgoblins
  2 jackals (D:2)
  14 quokkas
  6 bats
  3 frilled lizards
  6 goblins
  8 kobolds
  8 rats
144 creatures vanquished.

Notes
Turn   | Place    | Note
-------+----------+-------------------------------------------
     0 | D:1      | Glaciallarry the Barachi Hunter began the quest for the
                  | Orb.
     0 | D:1      | Reached XP level 1. HP: 17/17 MP: 1/1
    67 | D:1      | Reached skill level 1 in Stealth
   147 | D:1      | Reached XP level 2. HP: 23/23 MP: 2/2
   344 | D:1      | Found a faded altar of an unknown god.
   390 | D:1      | Reached XP level 3. HP: 28/28 MP: 3/3
   719 | D:2      | You fall into a shaft and drop 2 floors!
   719 | D:4      | Found a snail-covered altar of Cheibriados.
   751 | D:4      | Reached skill level 5 in Ranged Weapons
   790 | D:3      | Reached XP level 4. HP: 34/34 MP: 4/4
   908 | D:2      | Found a shadowy altar of Dithmenos.
   927 | D:2      | Became a worshipper of Dithmenos the Shadowed
  1036 | D:2      | Reached XP level 5. HP: 20/39 MP: 5/5
  1219 | D:2      | Reached skill level 6 in Ranged Weapons
  1436 | D:2      | Noticed Natasha
  1445 | D:2      | Killed Natasha
  1936 | D:2      | Noticed Natasha
  1946 | D:2      | Killed Natasha
  2118 | D:2      | Noticed Natasha
  2125 | D:2      | Killed Natasha
  2126 | D:2      | Reached XP level 6. HP: 39/46 MP: 6/6
  2167 | D:3      | Reached * piety under Dithmenos
  2321 | D:3      | Reached skill level 7 in Ranged Weapons
  2951 | D:4      | Found an ornate altar of the Wu Jian Council.
  3005 | D:4      | Reached ** piety under Dithmenos
  3033 | D:4      | Noticed Blork the orc
  3043 | D:4      | Killed Blork the orc
  3044 | D:4      | Reached skill level 8 in Ranged Weapons
  3044 | D:4      | Reached XP level 7. HP: 42/51 MP: 7/7
  3603 | D:5      | Entered Level 5 of the Dungeon
  3677 | D:5      | Found a runed translucent door.
  3678 | D:5      | Noticed Crazy Yiuf
  3773 | D:5      | Found a staircase to the Ecumenical Temple.
  4089 | D:5      | Reached XP level 8. HP: 24/60 MP: 8/8
  4653 | D:5      | Reached skill level 9 in Ranged Weapons
  5005 | D:5      | Noticed Prince Ribbit
  5023 | D:5      | Killed Prince Ribbit
  5024 | D:5      | Reached skill level 10 in Ranged Weapons
  5290 | D:5      | Killed Crazy Yiuf
  5323 | D:6      | Noticed Pikel
  5439 | D:6      | Reached *** piety under Dithmenos
  5440 | D:6      | Reached skill level 5 in Dodging
  5440 | D:6      | Reached XP level 9. HP: 38/66 MP: 9/9
  5671 | D:6      | Found a large runed translucent door.
  5671 | D:6      | Found a large runed translucent door.
  5674 | D:6      | Found a large runed translucent door.
  5674 | D:6      | Found a large runed translucent door.
  5687 | D:6      | Reached skill level 5 in Fighting
  5716 | D:6      | HP: 2/68 [Pikel/+1 whip of flaming (12)]
  5716 | D:6      | Slain by Pikel

Illustrated notes

Levels and vault maps discovered:
D:1:      minmay_arrival_four_houses, layout_basic,
          shapermc_ecumenical_altar_acropolis
D:2:      wad_woods_stonehenge, layout_loops_ring, nrook_mini_backslash,
          chequers_serial_rivers_small_a, minmay_distorted, uniq_natasha
D:3:      layout_basic
D:4:      layout_rooms, nzn_wu_jian_council_hall, pf_just_have_faith,
          lightli_sewer_entry_pipes, uniq_blork_the_orc
D:5:      minmay_razor_zed, layout_cave_pods, minmay_temple_entry_fiery,
          uniq_crazy_yiuf_cottage, uniq_prince_ribbit1
D:6:      layout_basic, serial_bayou_pond_c, minmay_hollow_rounded_squares,
          uniq_pikel

Skill      XL: |  1  2  3  4  5  6  7  8  9 |
---------------+----------------------------+-----
Stealth        | 2 4 |  4.0
Ranged Weapons | 5 6 8 10 | 10.0
Fighting       | 4 5 |  5.0
Dodging        | 5 |  5.0

Action                     |  1- 3 |  4- 6 |  7- 9 || total
---------------------------+-------+-------+-------++-------
  Melee: Shortbow          |       |       |     2 ||     2
         Short sword       |       |       |    12 ||    12
         Dagger            |       |       |     2 ||     2
         Punch             |       |       |     1 ||     1
   Fire: Shortbow          |    66 |   249 |   315 ||   630
  Throw: Dart              |       |       |     1 ||     1
Ability: Hop               |       |       |     1 ||     1
  Evoke: Wand              |       |       |     1 ||     1
 Armour: Leather armour    |    13 |    72 |   137 ||   222
  Dodge: Dodged            |    14 |    77 |   140 ||   231

Table legend: (Time is in decaauts)
 A = Elapsed time spent in this place.
 B = Non-inter-level travel time spent in this place.
 C = Inter-level travel time spent in this place.
 D = Time resting spent in this place.
 E = Time spent auto-exploring this place.
 F = Levels seen in this place.
 G = Mean time per level.
                   A        B        C        D        E       F      G
               +--------+--------+--------+--------+--------+-----+--------+
         Total |   6481 |   6018 |    463 |    227 |   4532 |   6 | 1080.2 |
       Dungeon |   6481 |   6018 |    463 |    227 |   4532 |   6 | 1080.2 |
               +--------+--------+--------+--------+--------+-----+--------+

Top non-repeatable levels by time:
     D:5: 1932 daAuts
     D:2: 1513 daAuts
     D:4: 1057 daAuts
     D:1: 833 daAuts
     D:3: 761 daAuts
     D:6: 383 daAuts
